 Dungeon Crawl Stone Soup version 0.26-a0-818-g75db068ed4 (webtiles) character file.

Game seed: 17350092641887932533

406 selver the Stinger (level 6, -9/45 HPs)
             Began as a Draconian Venom Mage on Nov 15, 2020.
             Mangled by an ogre
             ... wielding a +0 giant spiked club
              (23 damage)
             ... on level 3 of the Dungeon.
             The game lasted 00:11:58 (3867 turns).

selver the Stinger (Draconian Venom Mage)           Turns: 3867, Time: 00:12:00

Health: -9/45      AC:  7    Str:  8 (10) XL:     6   Next: 56%
Magic:  9/11       EV: 12    Int: 15 (18) God:
Gold:   163        SH:  0    Dex: 10 (11) Spells: 5/11 levels left

rFire    . . .     SeeInvis .   m - +1 dagger (speed)
rCold    . . .     Faith    .   (no shield)
rNeg     . . .     Spirit   .   (armour unavailable)
rPois    .         Reflect  .   (helmet restricted)
rElec    .         Harm     .   (no cloak)
rCorr    .         Rampage  .   (no gloves)
MR       .....                  q - +0 pair of boots
Stlth    ++........             (no amulet)
HPRegen  0.15/turn              (no ring)
MPRegen  0.12/turn              (no ring)

@: no status effects
A: unfitting armour, cold-blooded, AC +6
a: no special abilities


You were on level 3 of the Dungeon.
You visited 1 branch of the dungeon, and saw 4 of its levels.

You collected 163 gold pieces.

Inventory:

Hand Weapons
 m - a +1 dagger of speed (weapon)
 n - a +0 quarterstaff
Missiles
 f - 74 stones (quivered)
Armour
 q - a +0 pair of boots (worn)
Wands
 h - a wand of polymorph (13)
Scrolls
 d - 2 scrolls of amnesia
Potions
 a - a potion of degeneration
 b - a potion of lignification {unknown}
 c - a potion of ambrosia
 e - a potion of resistance
 g - a potion of might {unknown}
 l - a potion of attraction {unknown}
 o - 2 potions of heal wounds {unknown}
 p - a potion of mutation {unknown}


   Skills:
 - Level 1.7 Dodging
 - Level 1.7 Stealth
 + Level 3.4 Spellcasting
 + Level 2.7 Transmutations
 + Level 1.9 Fire Magic
 - Level 1.3 Air Magic
 * Level 5.4 Poison Magic


You had 5 spell levels left.
You knew the following spells:

 Your Spells              Type           Power        Failure   Level
a - Sting                 Tmut/Pois      ##..         3%          1
b - Poisonous Vapours     Pois/Air       ##....       7%          2
c - Ignite Poison         Fire/Tmut/Pois ##......     14%         3

Your spell library contained the following spells:

 Spells                   Type           Power        Failure   Level
 Olgreb's Toxic Radiance  Pois           ###.....     21%         4
 Mephitic Cloud           Conj/Pois/Air  #.......     22%         3


Dungeon Overview and Level Annotations

Branches:
Dungeon (4/15)
 Temple: D:4-7

Altars:
Trog
Yredelemnul
Zin

Annotations:
D:3 1 runed translucent door, Zekkers's ghost, amateur SpVM


Innate Abilities, Weirdness & Mutations

Your plain brown scales are hard. (AC +6)
You cannot fit into any form of body armour.
You are cold-blooded and may be slowed by cold attacks.


Message History

There is an open door here.
There is an open door, spattered with blood here.
Things that are here:
a +0 hand axe; a +0 leather armour
There is an open door, spattered with blood here.
There is an escape hatch in the ceiling here.
The ogre hits you with a +0 giant spiked club!
* * * LOW HITPOINT WARNING * * *
A mysterious force pulls you upwards. The hatch slams shut behind you.
Level annotation: 1 runed translucent door, Zekkers's ghost, amateur SpVM
Casting: Poisonous Vapours (safe; 7% risk of failure)
Confirm with . or Enter, or press ? or * to list all spells.
Aiming: Poisonous Vapours (safe; 7% risk of failure)
Press: ? - help, Dir - move target cursor, f - ogre
Aim: an ogre, wielding a +0 giant spiked club Poisonous vapours surround the ogre!
The ogre is engulfed in poison gas.
The ogre is poisoned.
The ogre hits you with a +0 giant spiked club!!
Ouch! That really hurt!
You die...

............#######.##.##.#.#####
.#####.)#.#.#.......##.....<....#
.# #....#.#.###########.......#
.# #.####.#.##.......###......#
## #)...#...##.#.......)......#
#####..#.######.#.#...###..#####
#......#.[....#.#.#.######.#
##.....#######.#O#.....#<##>#
...............#@#.....#)####
##.....####....#.#..).>..#
#......# #....#.#.....###
#.##.### #......#)....## #.##.##
#.##..##......##
#.....#####.##.....[.....#
#.P)P.......##...##......#
#.._..########...#.......#
#.P.P.##.........#.#####.#


You could see an ogre (poisoned).

Vanquished Creatures
  Duvessa (D:4)
  Dowan (D:4)
  2 hounds (D:4)
  An orc wizard (D:3)
  A worker ant (D:4)
  4 adders
  An ufetubus (D:3)
  2 oozes
  3 worms
  3 dart slugs
  3 leopard geckos
  8 orcs
  4 giant cockroaches
  6 goblins
  9 hobgoblins
  3 jackals (D:4)
  3 ball pythons
  6 bats
  A frilled lizard (D:2)
  6 kobolds
  5 rats
73 creatures vanquished.

Notes
Turn   | Place    | Note
-------+----------+-------------------------------------------
     0 | D:1      | selver the Draconian Venom Mage began the quest for the
                  | Orb.
     0 | D:1      | Reached XP level 1. HP: 14/14 MP: 3/3
   106 | D:1      | Reached XP level 2. HP: 18/20 MP: 0/5
   843 | D:1      | Learned a level 2 spell: Poisonous Vapours
   873 | D:1      | Reached XP level 3. HP: 26/26 MP: 2/6
  1192 | D:2      | Reached skill level 4 in Poison Magic
  1751 | D:2      | Reached XP level 4. HP: 33/33 MP: 7/7
  1949 | D:2      | Found a glowing silver altar of Zin.
  1950 | D:2      | Noticed an angel
  2181 | D:3      | Reached skill level 1 in Air Magic
  2297 | D:3      | Found a basalt altar of Yredelemnul.
  2543 | D:3      | Learned a level 3 spell: Ignite Poison
  2738 | D:3      | Reached XP level 5. HP: 38/38 MP: 4/9
  2858 | D:3      | Found a runed translucent door.
  2864 | D:3      | Noticed Zekkers's ghost (amateur SpVM)
  3435 | D:4      | Reached skill level 1 in Fire Magic
  3490 | D:4      | Reached skill level 5 in Poison Magic
  3532 | D:4      | Noticed Dowan
  3534 | D:4      | Noticed Duvessa
  3537 | D:4      | Killed Dowan
  3538 | D:4      | Reached XP level 6. HP: 45/45 MP: 0/10
  3565 | D:4      | Killed Duvessa
  3781 | D:4      | Found a bloodstained altar of Trog.
  3867 | D:3      | Mangled by an ogre

Illustrated notes

Levels and vault maps discovered:
D:1:      roderic_crossed_star, layout_basic
D:2:      layout_basic, zin_angel
D:3:      layout_basic, yredelemnul_altar_generic, ebering_ghost_sewer_d
D:4:      layout_basic, nicolae_overflow_hidden_temple,
          gammafunk_temple_overflow_pools, portal_sewer_entry_d, uniq_duvessa,
          uniq_eustachio

Skill      XL: |  1  2  3  4  5 |
---------------+----------------+-----
Poison Magic   | 4 5 |  5.4
Air Magic      | 1 |  1.3
Transmutations | 2 |  2.7
Spellcasting   | 3 |  3.4
Fire Magic     | 1 |  1.9
Dodging        | |  1.7
Stealth        | |  1.7

Action                   |  1- 3 |  4- 6 || total
-------------------------+-------+-------++-------
Melee: Unarmed           |     9 |       ||     9
       Short sword       |    27 |    17 ||    44
       Mace              |     3 |       ||     3
       Dagger            |       |    62 ||    62
       Tailslap          |       |     5 ||     5
 Cast: Sting             |    35 |    17 ||    52
       Poisonous Vapours |     9 |    34 ||    43
       Ignite Poison     |       |     2 ||     2
  Use: Scroll            |       |     6 ||     6
       Potion            |       |     4 ||     4
 Stab: Sleeping          |     1 |       ||     1
Armor: Skin              |    14 |    29 ||    43
Dodge: Dodged            |    23 |    50 ||    73

Table legend: (Time is in decaauts)
 A = Elapsed time spent in this place.
 B = Non-inter-level travel time spent in this place.
 C = Inter-level travel time spent in this place.
 D = Time resting spent in this place.
 E = Time spent auto-exploring this place.
 F = Levels seen in this place.
 G = Mean time per level.
                   A        B        C        D        E       F      G
               +--------+--------+--------+--------+--------+-----+--------+
         Total |   3851 |   3716 |    135 |   1086 |   1952 |   4 |  962.8 |
       Dungeon |   3851 |   3716 |    135 |   1086 |   1952 |   4 |  962.8 |
               +--------+--------+--------+--------+--------+-----+--------+

Top non-repeatable levels by time:
     D:1: 1113 daAuts
     D:2: 1102 daAuts
     D:3: 1043 daAuts
     D:4: 591 daAuts
